2518 views
Uploaded 2021-11-12 19:49:57
Game version 1.32.10
17:11 long 3on3 ladder game on (6)ThunderLake_LV
Saved by xzz
2518 views
Uploaded 2021-11-12 19:49:57
Game version 1.32.10
17:11 long 3on3 ladder game on (6)ThunderLake_LV


70 units @ 7.6k
/ 0.6k
38 buildings @ 6.3k
/ 2.5k


| Healing Salve | 1 | 100 |
| Lesser Clarity Potion | 2 | 140 |
| Circlet of Nobility | 1 | 175 |
| Periapt of Vitality | 1 | 325 |
| total: | 5 | 740g |
| Peon | 8 | 600 | / | 0 |
| Wind Rider | 5 | 1325 | / | 200 |
| total: | 13 | 1925g | / | 200w |
| Watch Tower | 2 | 220 | / | 160 |
| Altar of Storms | 1 | 180 | / | 50 |
| Orc Burrow | 5 | 800 | / | 200 |
| War Mill | 1 | 205 | / | 0 |
| Voodoo Lounge | 1 | 130 | / | 30 |
| Beastiary | 2 | 290 | / | 280 |
| Stronghold | 1 | 315 | / | 190 |
| total: | 12 | 1825g | / | 720w |
| 0:03 | Peon |
| 0:03 | Peon |
| 0:08 | Altar of Storms |
| 0:20 | Orc Burrow |
| 0:37 | Peon |
| 0:43 | War Mill |
| 0:58 | Voodoo Lounge |
| 1:27 | Peon |
| 1:45 | Peon |
| 1:59 | Orc Burrow |
| 2:01 | Peon |
| 2:07 | Peon |
| 2:13 | Healing Salve |
| 2:14 | Lesser Clarity Potion |
| 2:14 | Lesser Clarity Potion |
| 2:18 | Wind Walk |
| 2:21 | Peon |
| 2:58 | Stronghold |
| 3:20 | Watch Tower |
| 3:23 | Spiked Barricades |
| 3:36 | Circlet of Nobility |
| 3:37 | Periapt of Vitality |
| 3:55 | Watch Tower |
| 4:43 | Orc Burrow |
| 4:46 | Steel Armor |
| 5:25 | Beastiary |
| 5:27 | Beastiary |
| 6:13 | Orc Burrow |
| 6:32 | Critical Strike |
| 6:36 | Wind Rider |
| 6:39 | Wind Rider |
| 7:10 | Improved Spiked Barricades |
| 7:18 | Shockwave |
| 7:53 | Wind Rider |
| 8:25 | Wind Rider |
| 8:48 | Orc Burrow |
| 9:17 | Steel Ranged Weapons |
| 9:46 | Endurance Aura |
| 9:55 | Wind Rider |
| Right click | 370 |
| Chat | 199 |
| Select | 90 |
| Select group | 50 |
| Build/train/purchase | 43 |
| Assign group | 40 |
| Use ability | 6 |
| Misc. action | 4 |
| Minimap ping | 4 |
| Item give/drop | 1 |

| Claws of Attack +6 | 1 | 125 |
| Slippers of Agility +3 | 1 | 100 |
| total: | 2 | 225g |
| Wisp | 20 | 1200 | / | 0 |
| Archer | 12 | 1560 | / | 120 |
| Hippogryph | 7 | 1120 | / | 140 |
| Harpy Windwitch | 1 | 240 | / | 30 |
| total: | 40 | 4120g | / | 290w |
| Ancient of War | 2 | 300 | / | 120 |
| Altar of Elders | 1 | 180 | / | 50 |
| Moon Well | 6 | 1080 | / | 240 |
| Hunter's Hall | 1 | 210 | / | 100 |
| Ancient of Wonders | 1 | 90 | / | 30 |
| Ancient of Wind | 2 | 300 | / | 280 |
| Ancient of Lore | 1 | 155 | / | 145 |
| Tree of Ages | 1 | 320 | / | 180 |
| Tree of Eternity | 1 | 330 | / | 200 |
| total: | 14 | 2315g | / | 965w |
| 0:14 | Wisp |
| 0:14 | Wisp |
| 0:20 | Ancient of War |
| 0:23 | Altar of Elders |
| 0:33 | Moon Well |
| 0:46 | Wisp |
| 0:57 | Wisp |
| 1:17 | Wisp |
| 1:29 | Archer |
| 1:44 | Moon Well |
| 1:53 | Archer |
| 2:11 | Archer |
| 2:28 | Shadow Strike |
| 2:38 | Archer |
| 2:51 | Archer |
| 2:54 | Moon Well |
| 3:09 | Wisp |
| 3:11 | Wisp |
| 3:15 | Archer |
| 3:54 | Tree of Ages |
| 3:56 | Archer |
| 4:20 | Blink |
| 4:22 | Archer |
| 4:27 | Hunter's Hall |
| 4:43 | Archer |
| 4:53 | Ancient of Wonders |
| 5:02 | Archer |
| 6:13 | Shadow Strike |
| 6:40 | Wisp |
| 6:40 | Wisp |
| 6:41 | Wisp |
| 6:46 | Ancient of Wind |
| 7:19 | Archer |
| 7:50 | Ancient of Wind |
| 7:52 | Wisp |
| 7:52 | Wisp |
| 7:52 | Wisp |
| 7:52 | Wisp |
| 7:53 | Wisp |
| 7:53 | Wisp |
| 7:57 | Moon Well |
| 8:24 | Hippogryph |
| 8:29 | Wisp |
| 8:30 | Wisp |
| 10:03 | Hippogryph |
| 10:06 | Moon Well |
| 10:09 | Moon Well |
| 10:11 | Wisp |
| 10:11 | Wisp |
| 10:14 | Ancient of War |
| 10:16 | Improved Bows |
| 10:17 | Archer |
| 10:19 | Strength of the Moon |
| 10:41 | Hippogryph |
| 11:14 | Hippogryph |
| 11:29 | Moon Armor |
| 11:30 | Tree of Eternity |
| 11:37 | Hippogryph |
| 12:36 | Improved Strength of the Moon |
| 12:47 | Harpy Windwitch |
| 13:33 | Hippogryph |
| 13:48 | Hippogryph |
| 13:49 | Advanced Strength of the Moon |
| 14:10 | Marksmanship |
| 14:24 | Well Spring |
| 14:29 | Improved Moon Armor |
| 15:05 | Ancient of Lore |
| 15:20 | Blink |
| 16:38 | Claws of Attack +6 |
| 16:42 | Slippers of Agility +3 |
| 16:54 | Advanced Moon Armor |
| Right click | 400 |
| Select | 243 |
| Chat | 223 |
| Select group | 83 |
| Build/train/purchase | 71 |
| Assign group | 34 |
| Use ability | 25 |
| Minimap ping | 3 |
| Misc. action | 2 |
| Item give/drop | 2 |
| Esc | 2 |


| Healing Salve | 3 | 300 |
| Potion of Healing | 2 | 300 |
| Scroll of Speed | 1 | 50 |
| total: | 6 | 650g |
| Peon | 13 | 975 | / | 0 |
| Troll Headhunter | 4 | 560 | / | 80 |
| total: | 17 | 1535g | / | 80w |
| Orc Burrow | 4 | 640 | / | 160 |
| Altar of Storms | 1 | 180 | / | 50 |
| War Mill | 1 | 205 | / | 0 |
| Barracks | 2 | 360 | / | 100 |
| Voodoo Lounge | 1 | 130 | / | 30 |
| Great Hall | 1 | 385 | / | 185 |
| Spirit Lodge | 2 | 300 | / | 300 |
| Stronghold | 1 | 315 | / | 190 |
| Fortress | 1 | 325 | / | 190 |
| total: | 12 | 2200g | / | 825w |
| 0:14 | Orc Burrow |
| 0:16 | Altar of Storms |
| 0:17 | Peon |
| 0:17 | Peon |
| 0:54 | War Mill |
| 0:56 | Peon |
| 1:03 | Peon |
| 1:27 | Barracks |
| 1:33 | Peon |
| 1:51 | Orc Burrow |
| 1:55 | Peon |
| 2:03 | Peon |
| 2:18 | Peon |
| 2:30 | Troll Headhunter |
| 2:34 | Feral Spirit |
| 3:01 | Troll Headhunter |
| 3:46 | Troll Headhunter |
| 3:51 | Barracks |
| 3:57 | Voodoo Lounge |
| 3:59 | Peon |
| 4:41 | Stronghold |
| 5:17 | Troll Headhunter |
| 5:20 | Chain Lighting |
| 5:22 | Orc Burrow |
| 6:02 | Steel Armor |
| 6:26 | Healing Salve |
| 7:04 | Great Hall |
| 7:11 | Feral Spirit |
| 7:34 | Spirit Lodge |
| 7:37 | Spirit Lodge |
| 7:56 | Orc Burrow |
| 8:01 | Healing Salve |
| 8:03 | Potion of Healing |
| 8:31 | War Stomp |
| 8:33 | Healing Salve |
| 8:34 | Potion of Healing |
| 8:34 | Scroll of Speed |
| 9:12 | Fortress |
| 9:14 | Shaman Adept Training |
| 9:15 | Witch Doctor Adept Training |
| 9:46 | Peon |
| 9:46 | Peon |
| 9:46 | Peon |
| 9:46 | Peon |
| Right click | 261 |
| Select | 156 |
| Chat | 122 |
| Build/train/purchase | 45 |
| Select group | 37 |
| Assign group | 12 |
| Misc. action | 9 |
| Use ability | 6 |
| Minimap ping | 1 |
76 units @ 8.4k
/ 0.4k
42 buildings @ 6.2k
/ 2.6k

| Lesser Clarity Potion | 1 | 70 |
| total: | 1 | 70g |
| Peasant | 12 | 900 | / | 0 |
| Rifleman | 6 | 1230 | / | 180 |
| Sorceress | 1 | 155 | / | 20 |
| total: | 19 | 2285g | / | 200w |
| Scout Tower | 1 | 30 | / | 20 |
| Arcane Tower | 1 | 70 | / | 50 |
| Lumber Mill | 1 | 120 | / | 0 |
| Blacksmith | 1 | 140 | / | 60 |
| Farm | 5 | 400 | / | 100 |
| Altar of Kings | 1 | 180 | / | 50 |
| Barracks | 1 | 160 | / | 60 |
| Arcane Vault | 1 | 130 | / | 30 |
| Arcane Sanctum | 1 | 150 | / | 140 |
| Keep | 1 | 320 | / | 210 |
| total: | 12 | 1310g | / | 460w |
| 0:02 | Peasant |
| 0:02 | Peasant |
| 0:09 | Lumber Mill |
| 0:14 | Blacksmith |
| 0:26 | Farm |
| 0:31 | Peasant |
| 0:49 | Altar of Kings |
| 0:52 | Peasant |
| 1:09 | Farm |
| 1:12 | Peasant |
| 1:23 | Peasant |
| 1:46 | Peasant |
| 1:53 | Barracks |
| 2:15 | Arcane Vault |
| 2:18 | Peasant |
| 2:24 | Black Gunpowder |
| 2:34 | Improved Lumber Harvesting |
| 2:50 | Farm |
| 2:56 | Rifleman |
| 3:06 | Summon Water Elemental |
| 3:13 | Rifleman |
| 3:24 | Studded Leather Armor |
| 3:57 | Keep |
| 4:06 | Farm |
| 4:29 | Improved Masonry |
| 5:11 | Rifleman |
| 6:17 | Rifleman |
| 6:33 | Peasant |
| 6:53 | Scout Tower |
| 7:10 | Arcane Sanctum |
| 7:22 | Rifleman |
| 7:49 | Long Rifles |
| 7:58 | Peasant |
| 7:58 | Peasant |
| 8:03 | Farm |
| 8:08 | Blizzard |
| 8:21 | Rifleman |
| 8:46 | Sorceress |
| 8:46 | Control Magic |
| 8:54 | Lesser Clarity Potion |
| 9:04 | Peasant |
| 9:06 | Arcane Tower |
| Right click | 183 |
| Select group | 156 |
| Select | 103 |
| Build/train/purchase | 46 |
| Assign group | 18 |
| Use ability | 4 |

| Peon | 8 | 600 | / | 0 |
| Grunt | 10 | 2000 | / | 0 |
| Troll Headhunter | 3 | 420 | / | 60 |
| total: | 21 | 3020g | / | 60w |
| Watch Tower | 2 | 220 | / | 160 |
| Altar of Storms | 1 | 180 | / | 50 |
| Orc Burrow | 4 | 640 | / | 160 |
| Barracks | 1 | 180 | / | 50 |
| War Mill | 1 | 205 | / | 0 |
| Voodoo Lounge | 1 | 130 | / | 30 |
| Great Hall | 2 | 770 | / | 370 |
| Spirit Lodge | 1 | 150 | / | 150 |
| Tauren Totem | 1 | 135 | / | 155 |
| Stronghold | 1 | 315 | / | 190 |
| Fortress | 1 | 325 | / | 190 |
| total: | 14 | 2610g | / | 1125w |
| 0:03 | Peon |
| 0:03 | Peon |
| 0:07 | Altar of Storms |
| 0:11 | Orc Burrow |
| 0:26 | Peon |
| 0:42 | Barracks |
| 0:47 | Peon |
| 0:58 | Peon |
| 1:21 | Peon |
| 1:28 | War Mill |
| 1:40 | Orc Burrow |
| 1:52 | Peon |
| 1:59 | Grunt |
| 1:59 | Grunt |
| 2:07 | Peon |
| 2:20 | War Stomp |
| 2:27 | Grunt |
| 2:46 | Orc Burrow |
| 3:22 | Grunt |
| 3:24 | Steel Melee Weapons |
| 3:56 | Grunt |
| 4:06 | Voodoo Lounge |
| 4:18 | Watch Tower |
| 4:29 | Grunt |
| 4:47 | Stronghold |
| 5:04 | Steel Armor |
| 5:28 | Watch Tower |
| 5:31 | Grunt |
| 5:31 | Grunt |
| 6:06 | Great Hall |
| 6:09 | Endurance Aura |
| 6:25 | Grunt |
| 6:25 | Grunt |
| 7:26 | Fortress |
| 7:32 | Great Hall |
| 7:38 | Troll Headhunter |
| 7:48 | Orc Burrow |
| 7:58 | Troll Headhunter |
| 7:59 | Troll Headhunter |
| 8:22 | Spirit Lodge |
| 8:28 | Tauren Totem |
| Right click | 194 |
| Select | 132 |
| Build/train/purchase | 34 |
| Chat | 23 |
| Remove unit | 1 |
| Esc | 1 |

| Peon | 29 | 2175 | / | 0 |
| Shaman | 3 | 390 | / | 60 |
| Troll Witch Doctor | 4 | 580 | / | 100 |
| total: | 36 | 3145g | / | 160w |
| Watch Tower | 6 | 660 | / | 480 |
| Altar of Storms | 1 | 180 | / | 50 |
| Orc Burrow | 5 | 800 | / | 200 |
| War Mill | 1 | 205 | / | 0 |
| Voodoo Lounge | 1 | 130 | / | 30 |
| Spirit Lodge | 2 | 300 | / | 300 |
| Stronghold | 1 | 315 | / | 190 |
| Fortress | 2 | 650 | / | 380 |
| total: | 16 | 2275g | / | 1060w |
| 0:02 | Peon |
| 0:02 | Peon |
| 0:06 | Altar of Storms |
| 0:11 | Orc Burrow |
| 0:32 | War Mill |
| 0:39 | Peon |
| 0:39 | Peon |
| 0:39 | Peon |
| 0:39 | Peon |
| 0:39 | Peon |
| 0:39 | Peon |
| 0:39 | Peon |
| 0:39 | Peon |
| 0:49 | Peon |
| 0:49 | Peon |
| 0:49 | Peon |
| 0:49 | Peon |
| 0:49 | Peon |
| 0:49 | Peon |
| 0:49 | Peon |
| 0:49 | Peon |
| 0:49 | Peon |
| 1:04 | Peon |
| 1:04 | Peon |
| 1:04 | Peon |
| 1:06 | Peon |
| 1:06 | Peon |
| 1:16 | Peon |
| 1:32 | Peon |
| 1:33 | Peon |
| 1:51 | Watch Tower |
| 1:57 | Peon |
| 1:57 | Peon |
| 2:11 | Wind Walk |
| 2:18 | Watch Tower |
| 2:55 | Stronghold |
| 3:00 | Watch Tower |
| 3:10 | Watch Tower |
| 3:26 | Watch Tower |
| 3:44 | Watch Tower |
| 5:24 | Fortress |
| 5:26 | Spirit Lodge |
| 5:27 | Spirit Lodge |
| 5:35 | Orc Burrow |
| 5:36 | Orc Burrow |
| 5:37 | Orc Burrow |
| 5:38 | Orc Burrow |
| 6:40 | Shaman Adept Training |
| 6:43 | Witch Doctor Adept Training |
| 7:45 | Shaman Master Training |
| 7:45 | Witch Doctor Master Training |
| 7:48 | Shaman |
| 7:48 | Shaman |
| 7:49 | Shaman |
| 8:16 | Voodoo Lounge |
| 8:20 | Troll Witch Doctor |
| 8:36 | Troll Witch Doctor |
| 8:39 | Troll Witch Doctor |
| 9:07 | Troll Witch Doctor |
| Chat | 183 |
| Right click | 147 |
| Select | 66 |
| Build/train/purchase | 63 |
| Select group | 20 |
| Minimap ping | 17 |
| Misc. action | 8 |
| Assign group | 5 |
⇛